 Dungeon Sprint DCSS version 0.28-a0-851-g8b9cc49659 (webtiles) character file.

Game seed: 16344202626949945253

92 boopmooplesden the Fighter (level 7, -10/73 HPs)
             Began as a Minotaur Fighter on Nov 14, 2021.
             Was a Priest of Okawaru.
             Mangled by a blink frog (14 damage)
             ... in the Dungeon (Sprint VI: "Thunderdome").
             The game lasted 00:03:12 (578 turns).

boopmooplesden the Fighter (Minotaur Fighter)        Turns: 578, Time: 00:03:13

Health: -10/73     AC: 11    Str: 31    XL:     7   Next: 70%
Magic:  5/6        EV: 11    Int: 11    God:    Okawaru [***...]
Gold:   97         SH:  5    Dex:  7    Spells: 6/6 levels left

rFire   . . .      SeeInvis .   a - +0 war axe
rCold   + . .      Faith    +   c - +0 buckler
rNeg    . . .      Spirit   .   b - +0 scale mail
rPois   .          Reflect  .   (helmet restricted)
rElec   +          Harm     .   s - +0 cloak {Will+}
rCorr   .          Rampage  .   t - +0 pair of gloves
Will    +....      NoTele   +   (no boots)
Stlth   +.........              q - amulet "Gaaxze" {Faith rC+ Str+4}
HPRegen 0.22/turn               o - ring of Ocroytit {rElec Str+6 Int+6 Dex-4}
MPRegen 0.10/turn               p - ring "Rafy Ixo" {Fly rElec Stlth+}

@: flying
A: horns 2, retaliatory headbutt
a: Renounce Religion, Heroism


You were in the Dungeon.
You worshipped Okawaru.
Okawaru was most pleased with you.
You visited 1 branch You collected 340 gold pieces.
You spent 243 gold pieces at shops.

Inventory:

Hand Weapons
 a - a +0 war axe (weapon)
Armour
 b - a +0 scale mail (worn)
 c - a +0 buckler (worn)
 s - a +0 cloak of willpower (worn)
 t - a +0 pair of gloves (worn)
Jewellery
 o - the ring of Ocroytit (left hand) {rElec Str+6 Int+6 Dex-4}
   (You bought it in a shop in the Dungeon)

   [ring of strength]

   Str:       It affects your strength (+6).
   Int:       It affects your intelligence (+6).
   Dex:       It affects your dexterity (-4).
   rElec:     It insulates you from electricity.
 p - the ring "Rafy Ixo" (right hand) {Fly rElec Stlth+}
   (You bought it in a shop in the Dungeon)

   [ring of flight]

   rElec:     It insulates you from electricity.
   Fly:       It grants you flight.
   Stlth:     It makes you more stealthy.
 q - the amulet "Gaaxze" (around neck) {Faith rC+ Str+4}
   (You bought it in a shop in the Dungeon)

   [amulet of faith]

   It allows you to gain divine favour quickly.
   Str:       It affects your strength (+4).
   rC:        It protects you from cold.
Wands
 l - a wand of acid (5)
 m - a wand of iceblast (5)
Scrolls
 j - 4 scrolls of blinking
 n - 3 scrolls of fog
Potions
 d - a potion of might
 e - a potion of curing
 g - 4 potions of haste
 h - 2 potions of magic
 i - a potion of berserk rage
 k - 2 potions of resistance


   Skills:
 + Level 10.4 Fighting
 + Level 10.2 Axes
 + Level 10.3 Armour
 + Level 5.3 Dodging
 + Level 0.5 Stealth
 + Level 10.2 Shields
 + Level 0.6 Invocations


You had 6 spell levels left.
You didn't know any spells.
Your spell library was empty.

Dungeon Overview and Level Annotations

Branches:
Dungeon (1/1)

Altars:
Cheibriados
Dithmenos
Fedhas
Gozag
Kikubaaqudgha
Makhleb
Okawaru
Qazlal
Ru
Sif Muna
Trog
Uskayaw
Vehumet
Wu Jian
Xom
Yredelemnul
Zin
The Shining One
Beogh
Jiyva
Lugonu

Shops:
D *[??*?*:[((!!!!


Innate Abilities, Weirdness & Mutations

You have a pair of horns on your head.
You reflexively headbutt those who attack you in melee.


Message History

Your Armour skill increases to level 10!
Your Dodging skill increases to level 5!
Your Shields skill increases to level 10!
The blink frog blinks!
The blink frog blinks! 50...
You see here a +0 whip.
You gain the combat prowess of a mighty hero.
The blink frog hits you.
The blink frog blinks! x2
The blink frog blinks!
The yak barely misses you. You furiously retaliate!
You headbutt the yak. You slash the yak!
The yak is moderately wounded.
You hit the yak.
The yak is moderately wounded.
The yak gores you but does no damage.
You closely miss the yak.
The yak is moderately wounded.
You slash the yak! The yak gores you but does no damage. The yak gores you!
* * * LOW HITPOINT WARNING * * *
You hit the yak. You headbutt the yak!
The yak is severely wounded.
You hit the yak. The yak gores you!
* * * LOW HITPOINT WARNING * * *
The yak gores you.
* * * LOW HITPOINT WARNING * * *
You slash the yak!
The yak is almost dead.
You slash the yak! The yak gores you but does no damage.
You see here a +0 whip.
You slice the yak!!
You kill the yak!
Okawaru accepts your kill.
Your base Axes skill increases to level 10!
You hit the blink frog.
The blink frog is lightly wounded.
You feel like a meek peon again. The blink frog hits you!
You die...

#........_# #_......._#
###.........### #⌠...........⌠#
######.8.........8.######
##._._......###......___∩##
###∩........8.# #Y8........∩###
#........†.)..###F............#
⌠..........###..@###..........⌠
⌠..........# #.<.# #..........⌠
⌠..........###...###..........⌠
#...........)†###.............#
###∩......†.8.# #.8.Y......∩###
##∩___......###......___∩##
######.8.........8†######
#⌠.).........⌠# ###.........###


You could see a yak and a blink frog.

Vanquished Creatures
  2 yaks (D)
  A basilisk (D)
  3 wolves (D)
  A hound (D)
  Crazy Yiuf (D)
  A gnoll shaman (D)
  2 hell rats (D)
  2 adders (D)
  5 gnolls (D)
  2 ball pythons (D)
20 creatures vanquished.

Notes
Turn   | Place    | Note
-------+----------+-------------------------------------------
     0 | D        | boopmooplesden the Minotaur Fighter began the quest for the
                  | Orb.
     0 | D        | Reached XP level 1. HP: 19/19 MP: 0/0
     3 | D        | Found a bloodstained altar of Trog.
     3 | D        | Found a shimmering blue altar of Sif Muna.
     4 | D        | Found a snail-covered altar of Cheibriados.
     4 | D        | Found a glowing golden altar of the Shining One.
     5 | D        | Found a corrupted altar of Lugonu.
     5 | D        | Found an opulent altar of Gozag.
     5 | D        | Round 1.
     6 | D        | Found a radiant altar of Vehumet.
     6 | D        | Found Yduhaest's Weapon Rack.
     6 | D        | Found Yvesazytus's Premium Goods.
     7 | D        | Found Huoqar's Basic Armour.
     7 | D        | Found Jahin's Miscellaneous Merchandise.
    10 | D        | Found an iron altar of Okawaru.
    11 | D        | Found a basalt altar of Yredelemnul.
    12 | D        | Found a burning altar of Makhleb.
    13 | D        | Found Rashet's Identification Station.
    14 | D        | Found Cut Caxt's Advanced Armour.
    14 | D        | Found Huilo's Jewellery.
    18 | D        | Became a worshipper of Warmaster Okawaru
    19 | D        | Found a stormy altar of Qazlal.
    19 | D        | Found a hide-covered altar of Uskayaw.
    26 | D        | Bought a sparkling platinum ring for 45 gold pieces
    26 | D        | Identified the ring of Ocroytit {rElec Str+6 Int+6 Dex-4}
                  | (You bought it in a shop in the Dungeon)
    26 | D        | Bought a bound turquoise ring for 45 gold pieces
    26 | D        | Identified the ring "Rafy Ixo" {Fly rElec Stlth+} (You
                  | bought it in a shop in the Dungeon)
    26 | D        | Bought an ancient diamond amulet for 45 gold pieces
    26 | D        | Identified the amulet "Gaaxze" {Faith rC+ Str+4} (You
                  | bought it in a shop in the Dungeon)
    34 | D        | Found a shimmering altar of Xom.
    52 | D        | Bought a +0 cloak for 54 gold pieces
    70 | D        | Found an ancient bone altar of Kikubaaqudgha.
    71 | D        | Found Rykeduitt's Do-It-Yourself Clinic.
    71 | D        | Found a blossoming altar of Fedhas.
    71 | D        | Found a glowing silver altar of Zin.
    71 | D        | Found a sacrificial altar of Ru.
    71 | D        | Found Xoiseid's Distillery.
    72 | D        | Found Urymp's Bottled Wisdom.
    72 | D        | Found Ura Ept's Distillery.
    76 | D        | Reached XP level 2. HP: 28/28 MP: 1/1
    76 | D        | Found a shadowy altar of Dithmenos.
    77 | D        | Found an ornate altar of the Wu Jian Council.
    82 | D        | Found a viscous altar of Jiyva.
    82 | D        | Found Getypn's Staff Store.
    82 | D        | Found Kegiotit's Magic Scroll Shop.
    83 | D        | Found Qeschamisch's Must-Have Magic.
    83 | D        | Found Otam's Magic Scroll Shop.
   139 | D        | Reached skill level 5 in Fighting
   139 | D        | Reached skill level 5 in Armour
   190 | D        | Arena points: 5 (+5) [x1]
   205 | D        | Round 2.
   212 | D        | Reached skill level 5 in Shields
   212 | D        | Reached XP level 3. HP: 37/37 MP: 2/2
   241 | D        | Reached * piety under Okawaru
   242 | D        | Reached XP level 4. HP: 39/45 MP: 3/3
   257 | D        | Noticed Crazy Yiuf
   263 | D        | Killed Crazy Yiuf
   263 | D        | Arena points: 29 (+24) [x2]
   264 | D        | Reached skill level 5 in Axes
   264 | D        | Reached skill level 1 in Dodging
   305 | D        | Bought a +0 pair of gloves for 54 gold pieces
   323 | D        | Round 3.
   355 | D        | Noticed a wolf
   365 | D        | Noticed a wolf
   368 | D        | Noticed a wolf
   374 | D        | Killed a wolf
   375 | D        | Reached XP level 5. HP: 25/55 MP: 1/4
   382 | D        | Killed a wolf
   382 | D        | Reached ** piety under Okawaru
   383 | D        | Reached XP level 6. HP: 18/62 MP: 1/5
   389 | D        | HP: 2/62 [wolf (9)]
   409 | D        | Arena points: 92 (+63) [x3]
   437 | D        | Round 4.
   469 | D        | Noticed a yak
   482 | D        | Killed a yak
   482 | D        | Reached *** piety under Okawaru
   483 | D        | Reached XP level 7. HP: 9/71 MP: 6/6
   552 | D        | Noticed a basilisk
   555 | D        | Noticed a yak
   556 | D        | Noticed a yak
   556 | D        | Noticed a blink frog
   557 | D        | Killed a basilisk
   558 | D        | Reached skill level 10 in Fighting
   558 | D        | Reached skill level 10 in Armour
   558 | D        | Reached skill level 5 in Dodging
   558 | D        | Reached skill level 10 in Shields
   573 | D        | HP: 3/72 [yak (3)]
   577 | D        | Killed a yak
   578 | D        | Reached skill level 10 in Axes
   578 | D        | Mangled by a blink frog

Illustrated notes

Levels and vault maps discovered:
D:        arena_sprint

Skill      XL: |  1  2  3  4  5  6  7 |
---------------+----------------------+-----
Fighting       | 4 5 6 8 9 10 | 10.4
Armour         | 4 5 6 7 8 9 10 | 10.3
Shields        | 4 5 7 8 9 10 | 10.2
Axes           | 3 4 6 7 9 10 | 10.2
Dodging        | 2 4 5 |  5.3
Stealth        | |  0.5
Invocations    | |  0.6

Action                   |  1- 3 |  4- 6 |  7- 9 || total
-------------------------+-------+-------+-------++-------
Melee: War axe           |    29 |    51 |    10 ||    90
       Headbutt          |     5 |     8 |     1 ||    14
Invok: Heroism           |       |     2 |     1 ||     3
  Use: Potion            |       |     3 |     1 ||     4
Armor: Scale mail        |    21 |    23 |     3 ||    47
Dodge: Dodged            |    13 |    39 |     2 ||    54
Block: Buckler           |    10 |    14 |       ||    24

Table legend: (Time is in decaauts)
 A = Elapsed time spent in this place.
 B = Non-inter-level travel time spent in this place.
 C = Inter-level travel time spent in this place.
 D = Time resting spent in this place.
 E = Time spent auto-exploring this place.
 F = Levels seen in this place.
 G = Mean time per level.
                   A        B        C        D        E       F      G
               +--------+--------+--------+--------+--------+-----+--------+
         Total |    590 |    590 |      0 |    118 |     56 |   1 |  590.0 |
       Dungeon |    590 |    590 |      0 |    118 |     56 |   1 |  590.0 |
               +--------+--------+--------+--------+--------+-----+--------+

Top non-repeatable levels by time:
       D: 590 daAuts
